 Dungeon Crawl Stone Soup version 0.26-a0-30-g56b8cd3df0 (webtiles) character file.

Game seed: 17724032327173783059, levelgen mode: deterministic

98448 Lugonue the Eclecticist (level 15, -6/64 HPs)
             Began as a Deep Elf Air Elementalist on May 28, 2020.
             Was a High Priest of Vehumet.
             Shot with a bolt by Vashnia (36 damage)
             ... on level 3 of the Snake Pit.
             The game lasted 01:36:09 (33460 turns).

Lugonue the Eclecticist (DEAE)                     Turns: 33460, Time: 01:36:09

Health: -6/64      AC: 17    Str: 12    XL:     15   Next: 74%
Magic:  5/41       EV: 27    Int: 35    God:    Vehumet [*****.]
Gold:   1131       SH:  0    Dex: 25    Spells: 10/55 levels left

rFire    + + .     SeeInvis +   y - +0 shortbow "Lenapt" {freeze, Int+7 Dex+10} (curse)
rCold    . . .     Gourm    .   (shield currently unavailable)
rNeg     . . .     Faith    .   w - +5 steam dragon scales
rPois    .         Spirit   .   s - +2 helmet {SInv}
rElec    .         Reflect  .   (no cloak)
rCorr    .         Harm     .   T - +2 pair of gloves
MR       +....                  H - +0 pair of boots
Stlth    ++++......             t - amulet of regeneration
HPRegen  0.60/turn              m - +6 ring of intelligence
MPRegen  0.27/turn              h - +4 ring of evasion

@: no status effects
A: fire resistance 2, frail 2, strong 1
a: Renounce Religion


You were on level 3 of the Snake Pit.
You worshipped Vehumet.
Vehumet was extremely pleased with you.
You were very hungry.

You visited 5 branches of the dungeon, and saw 25 of its levels.

You collected 1507 gold pieces.
You spent 376 gold pieces at shops.

Inventory:

Hand Weapons
 r - a +0 shortbow
 y - the cursed +0 shortbow "Lenapt" (weapon) {freeze, Int+7 Dex+10}
   (You found it on level 9 of the Dungeon)

   It causes projectiles fired from it to freeze those they strike, causing
   extra injury to most foes and up to half again as much damage against
   particularly susceptible opponents.
   They can also slow down cold-blooded creatures.
   It affects your intelligence (+7).
   It affects your dexterity (+10).
   It has a curse placed upon it.
Missiles
 a - 171 arrows (quivered)
Armour
 s - a +2 helmet of see invisible (worn)
 w - +5 steam dragon scales (worn)
 H - a +0 pair of boots (worn)
 T - a +2 pair of gloves (worn)
Jewellery
 d - a +4 ring of protection
 h - a +4 ring of evasion (right hand)
 m - a +6 ring of intelligence (left hand)
 t - an amulet of regeneration (around neck)
 C - a +6 ring of intelligence
 E - an uncursed ring of resist corrosion
 R - a cursed ring of teleportation {unknown}
Wands
 j - a wand of flame (8)
 l - a wand of random effects (70)
 x - a wand of digging (5)
 G - a wand of iceblast (4)
 I - a wand of enslavement (6)
 K - a wand of disintegration (24)
 L - a wand of clouds (1)
 Q - a wand of polymorph (5)
 U - a wand of acid (6)
Scrolls
 b - 10 scrolls of identify
 e - 7 scrolls of amnesia
 k - 3 scrolls of magic mapping
 o - 8 scrolls of teleportation
 q - 6 scrolls of enchant weapon
 z - 7 scrolls of remove curse
 A - 5 scrolls of fog
 F - a scroll of enchant armour
 J - 4 scrolls of immolation
 N - 2 scrolls of blinking
 O - a scroll of summoning
Potions
 f - 5 potions of cancellation
 g - 12 potions of curing
 i - 2 potions of brilliance
 n - a potion of resistance
 p - 4 potions of flight
 u - 2 potions of berserk rage
 v - 2 potions of stabbing
 B - 2 potions of might
 D - 2 potions of ambrosia
 M - 3 potions of magic
 P - 2 potions of lignification {unknown}
 W - a potion of haste
Comestibles
 c - 45 rations


   Skills:
 + Level 3.9 Fighting
 * Level 14.0 Bows
 + Level 1.8 Armour
 * Level 10.9 Dodging
 + Level 5.2 Stealth
 * Level 20.5 Spellcasting
 + Level 10.6 Conjurations
 + Level 1.2 Charms
 + Level 1.6 Translocations
 + Level 2.1 Transmutations
 + Level 5.1 Ice Magic
 + Level 10.0 Air Magic
 + Level 5.5 Earth Magic
 + Level 1.3 Evocations


You had 10 spell levels left.
You knew the following spells:

 Your Spells              Type           Power        Failure   Level  Hunger
a - Shock                 Conj/Air       ####         0%          1    None
b - Airstrike             Air            #######...   1%          4    None
c - Swiftness             Chrm/Air       ######..     1%          2    None
d - Stone Arrow           Conj/Erth      ######       1%          3    None
e - Lightning Bolt        Conj/Air       #######...   1%          5    None
f - Petrify               Tmut/Erth      ######..     1%          4    None
g - Lee's Rapid Deconstr  Erth           ######....   1%          5    None
h - Blink                 Tloc           N/A          1%          2    None
i - Frozen Ramparts       Ice            ######       1%          3    None
j - Hailstorm             Conj/Ice       ######..     1%          4    None
k - Irradiate             Conj/Tmut      ######....   1%          5    None
l - Metabolic Englaciati  Hex/Ice        ######....   9%          5    None
m - Shroud of Golubria    Chrm/Tloc      #####.       1%          2    None

Your spell library contained the following spells:

 Spells                   Type           Power        Failure   Level  Hunger
 Fireball                 Conj/Fire      ######....   1%          5    None
 Magic Dart               Conj           ####         0%          1    None
 Animate Skeleton         Necr           N/A          1%          1    None
 Apportation              Tloc           #####.       1%          1    None
 Corona                   Hex            #####..      1%          1    None
 Infusion                 Chrm           ####         1%          1    None
 Sandblast                Erth           ######       1%          1    None
 Summon Small Mammal      Summ           ####         1%          1    None
 Call Imp                 Summ           #####...     1%          2    None
 Corpse Rot               Necr/Air       N/A          1%          2    None
 Passwall                 Tmut/Erth      ######..     1%          2    None
 Slow                     Hex            #####...     1%          2    None
 Song of Slaying          Chrm           #####...     1%          2    None
 Conjure Flame            Conj/Fire      ######..     1%          3    None
 Gell's Gravitas          Tloc           #####.....   1%          3    None
 Mephitic Cloud           Conj/Pois/Air  ######..     1%          3    None
 Ozocubu's Armour         Chrm/Ice       ######..     1%          3    None
 Spectral Weapon          Hex/Chrm       #####...     1%          3    None
 Static Discharge         Conj/Air       #######.     1%          3    None
 Confusing Touch          Hex            #####...     2%          3    None
 Silence                  Hex/Air        ######....   3%          5    None
 Yara's Violent Unravell  Hex/Tmut       #####.....   4%          5    None
 Cause Fear               Hex            #####.....   9%          4    None
 Summon Forest            Summ/Tloc      #####.....   17%         5    None
 Hydra Form               Tmut           ######....   47%         6    None
 Eringya's Noxious Bog    Tmut/Pois      #####.....   63%         6    None
 Summon Hydra             Summ           #####.....   100%        7    None
 Discord                  Hex            #####.....   100%        8    ####...


Dungeon Overview and Level Annotations

Branches:
Dungeon (14/15) Temple (1/1) D:6 Lair (6/6) D:9 Swamp (0/4) Lair:4 Snake (3/4) Lair:3 Slime (0/5) Lair:6 Orc (1/2) D:11 Vaults (0/5) D:12 D:13

Altars:
Ashenzari
Cheibriados
Dithmenos
Elyvilon
Fedhas
Gozag
Hepliaklqana
Kikubaaqudgha
Makhleb
Okawaru
Qazlal
Ru
Sif Muna
Trog
Uskayaw
Vehumet
Wu Jian
Yredelemnul
Zin
Jiyva

Shops:
D:5 =   D:6 :   D:9 *   Snake:1 [

Portals:
Abyss: Lair:4
Trove: D:14 (give 2 scrolls of acquirement)

Annotations:
D:9 1 runed translucent door, Xenophilius's ghost, journeyman OpFi
Lair:4 2 transporters, Havah's ghost, journeyman OpVM
Lair:5 2 transporters, Seod's ghost, journeyman FoAK
Snake:3 Vashnia


Innate Abilities, Weirdness & Mutations

Your flesh is very heat resistant. (rF++)
You are very frail. (-20% HP)
Your muscles are strong. (Str +2)


Message History

Unknown command.
You feel much better.
Casting: Airstrike (safe; 1% risk of failure)
Confirm with . or Enter, or press ? or * to list all spells.
Aiming: Airstrike (safe; 1% risk of failure)
Press: ? - help, Dir - move target cursor, f/p - Vashnia
Aim: Vashnia, wielding a +2 arbalest of freezing, wearing a +2 naga barding of flying and quivering 15 bolts (heavily wounded)
The air twists around and violently strikes Vashnia!
Vashnia is severely wounded.
Vashnia shoots a bolt.
The bolt hits you! The bolt freezes you.
Casting: Airstrike (safe; 1% risk of failure)
Confirm with . or Enter, or press ? or * to list all spells.
Aiming: Airstrike (safe; 1% risk of failure)
Press: ? - help, Dir - move target cursor, f/p - Vashnia
Aim: Vashnia, wielding a +2 arbalest of freezing, wearing a +2 naga barding of flying and quivering 14 bolts (severely wounded)
The air twists around and violently strikes Vashnia!
Vashnia is severely wounded.
Vashnia shoots a bolt.
The bolt hits you!!!
Ouch! That really hurt!
You die...

.## #. ..###.
...... ## ....#..
##.##..... ..
...#... #### ####
.... ##..#
#@.#####.# ##....
##.....(.####.....
#.#####N..(......
#..(.......####..
##.####.)..#..#..
###..#ยง####..###
#.........(.....
###.##.#..#.((.. #
#..####....#


You could see Vashnia.

Vanquished Creatures
  Saint Roka (Snake:3)
  2 nagarajas (Snake:2)
  Louise (Snake:2)
  Aizul (Snake:1)
  A minotaur (shapeshifter) (D:13)
  Snorg (Lair:4)
  6 slime creatures
  Harold (D:8)
  4 naga warriors
  7 hydras
  3 catoblepae (Lair:6)
  6 anacondas
  7 death yaks (Lair:6)
  2 two-headed ogres
  Urug (D:11)
  6 naga sharpshooters
  5 shock serpents
  A salamander mystic (Snake:2)
  3 unseen horrors
  A lindwurm (Lair:4)
  A naga ritualist (Snake:1)
  7 ugly things
  An orc knight (D:13)
  A deep elf mage (D:13)
  2 manticores (Lair:6)
  3 salamanders
  8 mana vipers
  2 cyclopes
  7 elephants
  2 centaur zombies
  A guardian serpent (Snake:3)
  16 black mambas
  Maggie (D:6)
  A gargoyle (D:10)
  8 naga magi
  Joseph (D:8)
  10 spiny frogs
  2 komodo dragons
  2 kobold demonologists
  2 trolls
  2 polar bears
  6 hippogriffs
  2 hornets (Lair:4)
  16 blink frogs
  A vampire (D:12)
  Sigmund (D:6)
  41 yaks
  Eustachio (D:3)
  3 wyverns
  A hungry ghost (D:11)
  2 basilisks
  16 humans
  A vampire mosquito (D:14)
  23 nagas
  16 water moccasins
  An acid dragon (D:13)
  9 porcupines
  14 orc warriors
  4 sky beasts
  10 ogres
  2 phantoms (D:7)
  7 ice beasts
  An eye of draining (D:11)
  A necrophage (D:12)
  A hornet zombie (D:13)
  7 centaurs
  22 wolves
  19 crocodiles
  2 big kobolds
  15 bullfrogs
  Blork the orc (D:6)
  2 scorpions
  5 killer bees (D:11)
  3 wights (D:6)
  6 howler monkeys
  3 crimson imps
  3 bullfrog zombies
  3 quasits
  3 jellies
  17 orc wizards
  10 orc priests
  4 centaur skeletons
  2 hounds
  A bullfrog skeleton (D:4)
  4 iguanas
  Ijyb (D:3)
  Natasha (thrice) (D:4)
  12 worker ants
  A hound skeleton (D:9)
  A worker ant zombie (D:11)
  9 adders
  4 shadow imps
  An ooze (D:5)
  2 adder skeletons (D:5)
  A worm (D:5)
  3 dart slugs
  5 leopard geckos
  70 orcs
  13 bats
  5 giant cockroaches
  15 goblins
  5 hobgoblins
  3 quokkas
  2 ball pythons
  7 frilled lizards
  A jackal skeleton (D:4)
  19 kobolds
  A quokka skeleton (D:5)
  A quokka zombie (D:7)
  10 rats
647 creatures vanquished.

Vanquished Creatures (others)
  A centaur warrior (D:13)
  11 fungi
  24 plants
36 creatures vanquished.

Grand Total: 683 creatures vanquished

Notes
Turn   | Place    | Note
-------+----------+-------------------------------------------
     0 | D:1      | Lugonue the Deep Elf Air Elementalist began the quest for
                  | the Orb.
     0 | D:1      | Reached XP level 1. HP: 10/10 MP: 6/6
   418 | D:1      | Reached XP level 2. HP: 15/15 MP: 6/8
   850 | D:1      | Reached XP level 3. HP: 19/19 MP: 0/10
  1372 | D:2      | Reached skill level 4 in Spellcasting
  1687 | D:2      | Found an iron altar of Okawaru.
  2251 | D:3      | Reached XP level 4. HP: 24/24 MP: 2/12
  2344 | D:3      | Noticed Ijyb
  2352 | D:3      | Killed Ijyb
  2519 | D:3      | Found a shadowy altar of Dithmenos.
  2687 | D:3      | Reached XP level 5. HP: 28/28 MP: 5/14
  2715 | D:3      | Reached skill level 5 in Spellcasting
  3120 | D:3      | Learned a level 4 spell: Airstrike
  3484 | D:4      | Noticed an ogre
  3484 | D:4      | Noticed an ogre
  3521 | D:4      | Noticed Eustachio
  3579 | D:3      | Learned a level 2 spell: Swiftness
  3681 | D:3      | Gained mutation: You are frail. (-10% HP) [potion of
                  | mutation]
  3681 | D:3      | Gained mutation: You are resistant to hostile enchantments.
                  | (MR+) [potion of mutation]
  3681 | D:3      | Lost mutation: You are frail. (-10% HP) [potion of
                  | mutation]
  3914 | D:3      | Killed Eustachio
  3914 | D:3      | Reached XP level 6. HP: 32/32 MP: 3/16
  4426 | D:4      | Reached skill level 6 in Spellcasting
  4584 | D:4      | Reached XP level 7. HP: 36/36 MP: 6/18
  4783 | D:4      | Noticed Natasha
  4788 | D:4      | Killed Natasha
  4842 | D:4      | Noticed Natasha
  4845 | D:4      | Killed Natasha
  4876 | D:4      | Reached skill level 1 in Armour
  4876 | D:4      | Reached skill level 7 in Spellcasting
  4876 | D:4      | Reached skill level 5 in Air Magic
  4895 | D:4      | Noticed Natasha
  4903 | D:4      | Killed Natasha
  4969 | D:4      | Found a stormy altar of Qazlal.
  5147 | D:5      | Entered Level 5 of the Dungeon
  5441 | D:5      | Found Noacw's Jewellery Emporium.
  5619 | D:5      | Reached XP level 8. HP: 41/41 MP: 15/21
  5632 | D:5      | Reached skill level 8 in Spellcasting
  5707 | D:5      | Found a white marble altar of Elyvilon.
  6097 | D:5      | Reached skill level 5 in Conjurations
  6497 | D:6      | Learned a level 3 spell: Stone Arrow
  6559 | D:6      | Reached skill level 9 in Spellcasting
  6724 | D:6      | Noticed Sigmund
  6726 | D:6      | Noticed Blork the orc
  6729 | D:6      | Killed Sigmund
  6732 | D:6      | Killed Blork the orc
  6732 | D:6      | Reached skill level 1 in Bows
  6822 | D:6      | Found an opulent altar of Gozag.
  6870 | D:6      | Found Riun Qen's Book Shoppe.
  6876 | D:6      | Noticed a hippogriff
  6882 | D:6      | Killed a hippogriff
  6951 | D:6      | Noticed Maggie
  6986 | D:6      | Killed Maggie
  6986 | D:6      | Reached skill level 10 in Spellcasting
  6986 | D:6      | Reached XP level 9. HP: 14/45 MP: 0/25
  7210 | D:6      | Found a staircase to the Ecumenical Temple.
  7785 | D:7      | Reached skill level 1 in Earth Magic
  8023 | D:7      | Reached skill level 5 in Bows
  8387 | D:7      | Reached skill level 11 in Spellcasting
  8983 | D:8      | Noticed Joseph
  9064 | D:9      | Got a translucent shortbow
  9067 | D:9      | Identified the cursed +0 shortbow "Lenapt" {freeze, Int+7
                  | Dex+10} (You found it on level 9 of the Dungeon)
  9100 | D:9      | Noticed Xenophilius's ghost (journeyman OpFi)
  9101 | D:9      | Found a runed translucent door.
  9194 | D:9      | Found a blossoming altar of Fedhas.
  9428 | D:9      | Found Zujeev's General Store.
  9471 | D:9      | Reached XP level 10. HP: 45/51 MP: 27/27
  9557 | D:9      | Bought a wand of paralysis (10) for 156 gold pieces
  9642 | D:9      | Found a staircase to the Lair.
  9769 | D:9      | Found a snail-covered altar of Cheibriados.
 10019 | D:8      | Noticed Harold
 10805 | D:8      | Reached skill level 12 in Spellcasting
 11001 | D:8      | Learned a level 5 spell: Lightning Bolt
 11010 | D:8      | Learned a level 4 spell: Petrify
 11031 | D:8      | Killed Harold
 11031 | D:8      | Reached skill level 1 in Fighting
 11163 | Temple   | Entered the Ecumenical Temple
 11322 | Temple   | Became a worshipper of Vehumet
 11708 | D:8      | Killed Joseph
 11777 | D:10     | Entered Level 10 of the Dungeon
 11777 | D:10     | Noticed an unseen horror
 11779 | D:10     | Killed an unseen horror
 11975 | D:10     | Reached skill level 13 in Spellcasting
 12149 | D:10     | Noticed an unseen horror
 12159 | D:10     | Killed an unseen horror
 12159 | D:10     | Reached skill level 1 in Charms
 12159 | D:10     | Reached XP level 11. HP: 56/56 MP: 21/30
 12616 | D:10     | Noticed a green ugly thing
 12642 | D:10     | Killed a green ugly thing
 13000 | D:10     | Reached * piety under Vehumet
 13000 | D:10     | Offered knowledge of Freeze by Vehumet.
 13561 | D:11     | Noticed Urug
 13613 | D:11     | Killed Urug
 13613 | D:11     | Reached skill level 14 in Spellcasting
 13613 | D:11     | Reached skill level 1 in Evocations
 13856 | D:11     | Noticed a two-headed ogre
 13860 | D:11     | Killed a two-headed ogre
 14217 | D:11     | Found a staircase to the Orcish Mines.
 14346 | D:11     | Noticed an unseen horror
 14353 | D:11     | Killed an unseen horror
 14389 | D:11     | Reached skill level 5 in Dodging
 15354 | D:11     | Reached ** piety under Vehumet
 15354 | D:11     | Offered knowledge of Searing Ray by Vehumet.
 15383 | D:11     | Learned a level 5 spell: Lee's Rapid Deconstruction
 15422 | Orc:1    | Entered Level 1 of the Orcish Mines
 15707 | Lair:1   | Entered Level 1 of the Lair of Beasts
 15966 | Lair:1   | Noticed a four-headed hydra
 15973 | Lair:1   | Killed a four-headed hydra
 15973 | Lair:1   | Reached skill level 10 in Bows
 16100 | Lair:1   | Reached skill level 15 in Spellcasting
 16451 | Lair:1   | Reached XP level 12. HP: 62/62 MP: 24/33
 16905 | Lair:2   | Noticed an eight-headed hydra
 17347 | D:6      | Bought a book of Minor Magic for 220 gold pieces
 17350 | D:6      | Learned a level 2 spell: Blink
 17880 | Lair:2   | Killed an eight-headed hydra
 18512 | Lair:3   | Found a staircase to the Snake Pit.
 18834 | Lair:3   | Offered knowledge of Frozen Ramparts by Vehumet.
 18849 | Lair:3   | Learned a level 3 spell: Frozen Ramparts
 19486 | Lair:3   | Reached skill level 16 in Spellcasting
 19914 | Lair:4   | Reached *** piety under Vehumet
 20545 | Lair:4   | Noticed a four-headed hydra
 20560 | Lair:4   | Killed a four-headed hydra
 20695 | Lair:4   | Reached XP level 13. HP: 68/68 MP: 27/35
 20986 | Lair:4   | Noticed Snorg
 21003 | Lair:4   | Killed Snorg
 21253 | Lair:4   | Offered knowledge of Fulminant Prism by Vehumet.
 21592 | Lair:4   | Found a transporter.
 21619 | Lair:4   | Identified the +5 trident of the Leaping Sybil {distort,
                  | rC- Str+4 Int+3 Stlth+}
 21634 | Lair:4   | Found a one-way gate to the infinite horrors of the Abyss.
 21634 | Lair:4   | Noticed Havah's ghost (journeyman OpVM)
 21672 | Lair:4   | Found a staircase to the Swamp.
 21694 | Lair:4   | Found a transporter.
 22094 | Lair:4   | Got a shadowed robe
 22109 | Lair:4   | Identified the +1 robe "Baody" {MR- Int+4 Dex+5} (You found
                  | it on level 4 of the Lair of Beasts)
 22215 | Lair:5   | Reached skill level 5 in Stealth
 22442 | Snake:1  | Entered Level 1 of the Snake Pit
 22480 | Snake:1  | Reached skill level 17 in Spellcasting
 22489 | Snake:1  | Reached skill level 1 in Ice Magic
 22943 | Lair:5   | Reached skill level 1 in Translocations
 23490 | Lair:5   | Found a transporter.
 23492 | Lair:5   | Found a transporter.
 23494 | Lair:5   | Noticed Seod's ghost (journeyman FoAK)
 23900 | Lair:6   | Entered Level 6 of the Lair of Beasts
 24034 | Lair:6   | Reached **** piety under Vehumet
 24874 | Lair:6   | Found a viscous altar of Jiyva.
 24874 | Lair:6   | Found a staircase to the Slime Pits.
 24957 | Lair:6   | Reached skill level 18 in Spellcasting
 25084 | Lair:6   | Reached XP level 14. HP: 74/74 MP: 29/38
 25084 | Lair:6   | Offered knowledge of Hailstorm by Vehumet.
 25664 | Lair:6   | Learned a level 4 spell: Hailstorm
 26476 | D:12     | Found an opulent altar of Gozag.
 26732 | D:12     | Reached ***** piety under Vehumet
 27080 | D:12     | Offered knowledge of Irradiate by Vehumet.
 27305 | D:12     | Learned a level 5 spell: Irradiate
 27487 | D:13     | Found a gate to the Vaults.
 28022 | D:13     | Reached skill level 19 in Spellcasting
 28115 | D:13     | Reached skill level 5 in Earth Magic
 28156 | D:13     | Gained mutation: You occasionally shout uncontrollably at
                  | your foes. [mutagenic glow]
 28413 | D:13     | Learned a level 5 spell: Metabolic Englaciation
 29020 | D:14     | Found a portal to a secret trove of treasure.
 29060 | D:14     | Reached skill level 10 in Conjurations
 29094 | D:14     | Gained mutation: Armour fits poorly on your strangely
                  | shaped body. [mutagenic glow]
 29189 | D:13     | Lost mutation: Armour fits poorly on your strangely shaped
                  | body. [potion of mutation]
 29189 | D:13     | Lost mutation: You occasionally shout uncontrollably at
                  | your foes. [potion of mutation]
 29189 | D:13     | Lost mutation: You are resistant to hostile enchantments.
                  | (MR+) [potion of mutation]
 29189 | D:13     | Gained mutation: Your flesh is heat resistant. (rF+)
                  | [potion of mutation]
 29189 | D:13     | Gained mutation: You are frail. (-10% HP) [potion of
                  | mutation]
 29189 | D:13     | Gained mutation: You are very frail. (-20% HP) [potion of
                  | mutation]
 29189 | D:13     | Gained mutation: Your flesh is very heat resistant. (rF++)
                  | [potion of mutation]
 29380 | Snake:1  | Reached skill level 10 in Dodging
 29388 | Snake:1  | Reached skill level 1 in Transmutations
 29606 | Snake:1  | Noticed Aizul
 29617 | Snake:1  | Learned a level 2 spell: Shroud of Golubria
 29622 | Snake:1  | Killed Aizul
 29622 | Snake:1  | Reached XP level 15. HP: 60/62 MP: 30/40
 29731 | Snake:1  | Found Figient's Armour Shoppe.
 30248 | Snake:2  | Found a basalt altar of Yredelemnul.
 30627 | Snake:2  | Noticed a nagaraja
 30637 | Snake:2  | Killed a nagaraja
 30955 | Snake:2  | Offered knowledge of Fireball by Vehumet.
 30957 | Snake:2  | Gained mutation: Your muscles are strong. (Str +2)
                  | [mutagenic glow]
 31063 | Snake:2  | Found a basalt altar of Yredelemnul.
 31209 | Snake:2  | Noticed Louise
 31216 | Snake:2  | Killed Louise
 31216 | Snake:2  | Reached skill level 20 in Spellcasting
 31368 | Snake:2  | Noticed a nagaraja
 31373 | Snake:2  | Killed a nagaraja
 31908 | Snake:3  | Reached skill level 10 in Air Magic
 32651 | Snake:3  | Noticed Saint Roka
 32661 | Snake:3  | Reached skill level 5 in Ice Magic
 32668 | Snake:3  | Killed Saint Roka
 33259 | Snake:3  | Noticed Vashnia
 33460 | Snake:3  | Shot with a bolt by Vashnia

Illustrated notes

Levels and vault maps discovered:
D:1:      dpeg_arrival_morbid_curiosity, layout_basic,
          minmay_misc_feat_diagonals
D:2:      layout_basic, okawaru_metal_pillars_1_2
D:3:      layout_basic, old_standard_altar,
          wander_ebering_terrifying_dragon_lair, uniq_ijyb
D:4:      layout_rooms, nicolae_qazlal_general_emergency,
          corexii_item_surrounded_by_moat, uniq_natasha, uniq_eustachio
D:5:      layout_gridville, first_ration, serial_shops, shop,
          minmay_ruined_shrine
D:6:      layout_basic, nicolae_gozag_seed_capital,
          minmay_temple_entry_junction_2, serial_shops, nicolae_shop_crystal,
          uniq_blork_the_orc, uniq_maggie, uniq_sigmund
D:7:      layout_loops_ring, enter_bailey_3, lightli_orcish_oven
D:8:      layout_basic, grunt_ogre_cave, uniq_joseph, uniq_harold
D:9:      layout_loops_cross, cheibriados_altar_1, kennysheep_mini,
          lair_entry_dummy, serial_shops, shop, gammafunk_ghost_grave
D:10:     layout_loops_corners, minmay_misc_feat_pillars, minivault_10,
          feat_on_display
D:11:     layout_basic, david_orc_2, uniq_urug
D:12:     layout_irregular_city, serial_rivers, chequers_serial_rivers_micro_e,
          chequers_serial_rivers_small_3, chequers_serial_rivers_small_b,
          chequers_serial_rivers_small_3, chequers_serial_rivers_micro_c,
          basic_altar
D:13:     layout_loops_ring, david_vaults_3
D:14:     layout_layer_cave, chequers_garden, enter_trove_2
Temple:   regret_index_temple_sphere_string
Lair:1:   layout_regular_city
Lair:2:   layout_regular_city, serial_rivers, chequers_serial_rivers_large_b,
          chequers_serial_rivers_room_a, chequers_serial_rivers_marsh,
          chequers_serial_rivers_small_3, chequers_serial_rivers_room_a,
          chequers_serial_rivers_micro_e
Lair:3:   layout_misc_corridors, guppyfry_snake_entry_island, grunt_megastairs_1
Lair:4:   cheibrodos_lair_overgrown_chateau, layout_regular_city,
          swamp_mist_pool, gammafunk_ghost_abyssal_escape, serial_bayou_pond_b,
          uniq_snorg
Lair:5:   layout_cave_pods, gammafunk_ghost_hive
Lair:6:   evilmike_catoblepas_cave, layout_regular_city,
          dpeg_slime_entry_enclosed_altar, nicolae_quartered_pool_little,
          serial_bayou_pond_b
Snake:1:  layout_misc_corridors, serial_shops, shop_coins, uniq_aizul
Snake:2:  layout_chambers, basic_altar, lemuel_altar_in_water2,
          grunt_megastairs_2, uniq_louise
Snake:3:  layout_honeycomb, uniq_vashnia, uniq_saint_roka
Orc:1:    layout_caves

Skill      XL: |  1  2  3  4  5  6  7  8  9 10 11 12 13 14 15 |
---------------+----------------------------------------------+-----
Conjurations   | 2 3 4 6 7 8 9 10 | 10.6
Spellcasting   | 4 5 6 7 10 11 13 15 16 18 19 20 | 20.5
Stealth        | 3 4 5 |  5.2
Air Magic      | 4 5 6 7 8 9 10 | 10.0
Armour         | 1 |  1.8
Dodging        | 3 5 7 8 10 | 10.9
Bows           | 2 6 8 10 11 12 13 14 | 14.0
Earth Magic    | 1 2 3 4 5 |  5.5
Fighting       | 1 2 3 |  3.9
Charms         | 1 |  1.2
Evocations     | 1 |  1.3
Ice Magic      | 2 4 5 |  5.1
Translocations | 1 |  1.6
Transmutations | 1 2 |  2.1

Action                   |  1- 3 |  4- 6 |  7- 9 | 10-12 | 13-15 || total
-------------------------+-------+-------+-------+-------+-------++-------
Melee: Unarmed           |       |     1 |       |       |       ||     1
       Shortbow          |       |       |       |     1 |       ||     1
 Fire: Shortbow          |       |       |    95 |   514 |   389 ||   998
 Cast: Shock             |   102 |   129 |   169 |    75 |    37 ||   512
       Airstrike         |       |     3 |    30 |    98 |    22 ||   153
       Swiftness         |       |     1 |     1 |     4 |     1 ||     7
       Stone Arrow       |       |       |    14 |   122 |   270 ||   406
       Lightning Bolt    |       |       |       |    37 |    90 ||   127
       Petrify           |       |       |       |     4 |       ||     4
       Frozen Ramparts   |       |       |       |     1 |    60 ||    61
       Blink             |       |       |       |     1 |    20 ||    21
       Irradiate         |       |       |       |       |    46 ||    46
       Hailstorm         |       |       |       |       |     3 ||     3
       Shroud of Golubri |       |       |       |       |     2 ||     2
Evoke: Wand              |       |       |     7 |    14 |     6 ||    27
  Use: Scroll            |     3 |     4 |     4 |     9 |    15 ||    35
       Potion            |       |     7 |     2 |     2 |     7 ||    18
  Eat: Chunk             |     4 |     7 |    16 |    21 |     7 ||    55
       Ration            |       |       |       |     4 |     9 ||    13
Armor: Robe              |     6 |     9 |       |       |       ||    15
       Leather armour    |       |     4 |    14 |       |       ||    18
       Steam dragon scal |       |       |    17 |    58 |    91 ||   166
Dodge: Dodged            |    25 |    46 |    69 |   225 |   349 ||   714

Table legend:
 A = Non-vault XP
 B = Vault XP
 C = Vault XP percentage of total XP
 D = Non-vault monster count
 E = Vault monster count
 F = Vault count percentage of total count
                 A         B        C        D         E       F
            +---------+---------+-------+---------+---------+-------
      Total |   96858 |   43782 |  31.1 |     513 |     135 |  20.8
            +---------+---------+-------+---------+---------+-------
        D:1 |      37 |       9 |  19.6 |      25 |       5 |  16.7
        D:2 |      45 |       0 |   0.0 |      14 |       0 |   0.0
        D:3 |     155 |     232 |  59.9 |      34 |       3 |   8.1
        D:4 |     559 |      35 |   5.9 |      18 |       1 |   5.3
        D:5 |     355 |     408 |  53.5 |      16 |       6 |  27.3
        D:6 |     764 |     740 |  49.2 |      11 |       3 |  21.4
        D:7 |    1569 |     156 |   9.0 |      25 |      10 |  28.6
        D:8 |    1207 |    1568 |  56.5 |      25 |       3 |  10.7
        D:9 |     701 |       0 |   0.0 |      15 |       0 |   0.0
       D:10 |    4182 |       0 |   0.0 |      24 |       0 |   0.0
       D:11 |    5172 |    1002 |  16.2 |      44 |       7 |  13.7
       D:12 |    7435 |    1532 |  17.1 |      42 |       7 |  14.3
       D:13 |    8306 |    3853 |  31.7 |      33 |      13 |  28.3
       D:14 |    3332 |       0 |   0.0 |       7 |       0 |   0.0
     Lair:1 |    3347 |       0 |   0.0 |      14 |       0 |   0.0
     Lair:2 |    4573 |       0 |   0.0 |      23 |       0 |   0.0
     Lair:3 |    5452 |    1087 |  16.6 |      25 |       6 |  19.4
     Lair:4 |    4164 |    6675 |  61.6 |      16 |      21 |  56.8
     Lair:5 |    4074 |       0 |   0.0 |      15 |       0 |   0.0
     Lair:6 |    3933 |   13110 |  76.9 |      17 |      27 |  61.4
    Snake:1 |   12045 |    1588 |  11.6 |      25 |       1 |   3.8
    Snake:2 |   15036 |    2891 |  16.1 |      23 |       3 |  11.5
    Snake:3 |   10415 |    8896 |  46.1 |      22 |      19 |  46.3
            +---------+---------+-------+---------+---------+-------
